Workbook

Sheet 1.Synthèse
B1: Synthèse du cadre de décomposition des prix et analyse du scénario de référence
B2: ='3.Tarifs'!B2:F2 -> Consultation "Système intégré de gestion de la formation externe ADEME"
B4: Soumissionnaire | F4: Durée totale du marché (mois) | G4: Durée d'exploitation (mois)
B5: Raison sociale | C5: ='3.Tarifs'!B4 -> NOM DU CANDIDAT | F5: =12*6 -> 72 | G5: =12*5+4 -> 64
B6: Taux TVA | C6: 0.2
D8: Montants (€ HT) | F8: Répartition des montants HT | G8: Montant (€ TTC)
B9: Unité d'œuvre | C9: Forfait / Bon de commande | D9: Prix unitaire (€ HT) | E9: Prix HT sur la durée du marché (estimation sur scénario de référence) | G9: Prix TTC sur la durée du marché (estimation sur scénario de référence)
B10: TOTAL | E10: =E11+E14+E49+E57 -> 0 | F10: 1 | G10: =E10*(1+$C$6) -> 0
B11: ='3.Tarifs'!B6 -> PRESTATION 1 : DROIT D'UTILISATION DE(S) OUTIL(S) DE FORMATIONS MULTIMODALES (licences/abonnement et services récurrents forfaitaires) | D11: =SUM(D12:D13) -> 0 | E11: =SUM(E12:E13) -> 0 | F11: =E11/$E$10 -> #DIV/0! | G11: =E11*(1+$C$6) -> 0
B12: UTI1 - Licences éditeur/abonnement/hébergement : Bons de commande forfaitaire à montant annuel | C12: Bons de commande ; déclenchement après 12 mois de marché (= après phase projet (Build) + démarrage) | D12: ='3.Tarifs'!F9+'3.Tarifs'!F12+'3.Tarifs'!F15+'3.Tarifs'!F22 -> 0 | E12: =D12/12*($F$5-12) -> 0 | F12: =E12/$E$10 -> #DIV/0! | G12: =E12*(1+$C$6) -> 0
B13: UTI2 - Maintenance logicielle et assistance : Bons de commande forfaitaire à montant annuel | C13: =C12 -> Bons de commande ; déclenchement après 12 mois de marché (= après phase projet (Build) + démarrage) | D13: ='3.Tarifs'!E24+'3.Tarifs'!E27+'3.Tarifs'!E30+'3.Tarifs'!E33 -> 0 | E13: =D13/12*($F$5-12) -> 0 | F13: =E13/$E$10 -> #DIV/0! | G13: =E13*(1+$C$6) -> 0
B14: ='3.Tarifs'!B37 -> PRESTATION 2 : MISE EN ŒUVRE DE LA SOLUTION et ACCOMPAGNEMENT À SON UTILISATION | E14: =E15+E32+E36+E45+E47 -> 0 | F14: =E14/$E$10 -> #DIV/0! | G14: =E14*(1+$C$6) -> 0
B15: ='3.Tarifs'!B38 -> 2.1 : Accompagnement technique ou humain en phase de projet : assistance à la configuration et au déploiement de la solution (BUILD) : Bon de commande d'accompagnement technique ou humain, incluant le droit d'utilisation et la maintenance/assistance de l'outil en phase de projet et démarrage (12 mois) | E15: ='3.Tarifs'!F55 -> 0 | F15: =E15/$E$10 -> #DIV/0! | G15: =E15*(1+$C$6) -> 0
B16: {='3.Tarifs'!B39:B54} -> INI1 - Initialisation et étude préalable (prise de connaissance, audit, analyse de l'existant et préconisation sur la cible) | C16: Bon de commande ; déclenchement à la notification du marché pour lancement des travaux de mise en oeuvre de la solution numérique (12 premiers mois du marché) | D16: ='3.Tarifs'!F55 -> 0 | E16: =D16 -> 0 | G16: =E16*(1+$C$6) -> 0
B17: ASS1 - Assistance MOA et MOE - Pilotage de projet
B18: ASS2 - Assistance MOA et MOE - Conception
B19: ASS3 - Assistance MOA et MOE - Réalisation/intégration (paramétrage de ou des outils)
B20: ASS4 - Assistance MOA et MOE - Recette
B21: ASS5 - Assistance MOA et MOE - Déploiement
B22: RDD1 - Reprise des données
B23: CON2 - Conception de wireframe (UX)
B24: CON3 - Conception de maquettes (UI)
B25: ACC1 - Accompagnement au déploiement - Stratégie de gestion de la transition Elaboration et mise en oeuvre d'un plan de transition garantissant la continuité de service.
B26: ACC2 - Accompagnement au déploiement - Plan d'accompagnement Accompagnement opérationnel des utilisateurs et pilotage de la phase de transition.
B27: ACC3 - Accompagnement au déploiement - Communication Mise en œuvre d’un plan de communication utilisateurs durant la phase de transition.
B28: ACC4 - Accompagnement au déploiement - Formation des utilisateurs et documentation Formation des utilisateurs et fourniture de la documentation associée.
... B31: PIL1 - Assistance transversale au pilotage du projet et à la coordination des parties prenantes
B32: ='3.Tarifs'!B57 -> 2.2 : Accompagnement ponctuel à la mise en place d'interfaces personnalisées (BUILD ou RUN) : Bons de commande d'accompagnement | E32: =SUM(E33:E35) -> 0 | F32: =E32/$E$10 -> #DIV/0! | G32: =E32*(1+$C$6) -> 0
B33: ='3.Tarifs'!B58 -> INT1 - Analyse, réalisation, test et pilotage pour une interface / simple | C33: Bons de commande | D33: ='3.Tarifs'!F58 -> 0 | E33: ='3.Tarifs'!I58 -> 0 | F33: =E33/$E$10 -> #DIV/0! | G33: =E33*(1+$C$6) -> 0
B34: ='3.Tarifs'!B59 -> INT2 - Analyse, réalisation, test et pilotage pour une interface / intermédiaire | C34: Bons de commande | D34: ='3.Tarifs'!F59 -> 0 | E34: ='3.Tarifs'!I59 -> 0 | F34: =E34/$E$10 -> #DIV/0! | G34: =E34*(1+$C$6) -> 0
B35: ='3.Tarifs'!B60 -> INT3 - Analyse, réalisation, test et pilotage pour une interface / complexe | C35: Bons de commande | D35: ='3.Tarifs'!F60 -> 0 | E35: ='3.Tarifs'!I60 -> 0 | F35: =E35/$E$10 -> #DIV/0! | G35: =E35*(1+$C$6) -> 0
B36: ='3.Tarifs'!B63 -> 2.3 Accompagnement à l'utilisation de la solution en mode récurrent (RUN) : Bons de commande d'accompagnement | E36: =SUM(E37:E44) -> 0 | F36: =E36/$E$10 -> #DIV/0! | G36: =E36*(1+$C$6) -> 0
B37: {='3.Tarifs'!B64:B71} -> CON1 - Conseil & assistance métier (formations utilisateurs & nouvelles fonctionnalités) | C37: Bons de commande | D37: ='3.Tarifs'!F64 -> 0 | E37: ='3.Tarifs'!I64/12*$G$5 -> 0 | F37: =E37/$E$10 -> #DIV/0! | G37: =E37*(1+$C$6) -> 0
B38: TMA1 - Tierce maintenance applicative (maintenance évolutive / simple) | C38: Bons de commande | D38: ='3.Tarifs'!F65 -> 0 | E38: ='3.Tarifs'!I65/12*$G$5 -> 0 | F38: =E38/$E$10 -> #DIV/0! | G38: =E38*(1+$C$6) -> 0
B39: TMA2 - Tierce maintenance applicative (maintenance évolutive / intermédiaire) | C39: Bons de commande | D39: ='3.Tarifs'!F66 -> 0 | E39: ='3.Tarifs'!I66/12*$G$5 -> 0 | F39: =E39/$E$10 -> #DIV/0! | G39: =E39*(1+$C$6) -> 0
B40: TMA3 - Tierce maintenance applicative (maintenance évolutive / complexe) | C40: Bons de commande | D40: ='3.Tarifs'!F67 -> 0 | E40: ='3.Tarifs'!I67/12*$G$5 -> 0 | F40: =E40/$E$10 -> #DIV/0! | G40: =E40*(1+$C$6) -> 0
B41: CHA1 - Actualisation charte graphique (couleur, police, disposition…) | C41: Bons de commande | D41: ='3.Tarifs'!F68 -> 0 | E41: ='3.Tarifs'!I68/12*$G$5 -> 0 | F41: =E41/$E$10 -> #DIV/0! | G41: =E41*(1+$C$6) -> 0
B42: CON4 - Conception de wireframe (UX) | C42: Bons de commande | D42: ='3.Tarifs'!F69 -> 0 | E42: ='3.Tarifs'!I69/12*$G$5 -> 0 | F42: =E42/$E$10 -> #DIV/0! | G42: =E42*(1+$C$6) -> 0
B43: CON5 - Conception de maquettes (UI) | C43: Bons de commande | D43: ='3.Tarifs'!F70 -> 0 | E43: ='3.Tarifs'!I70/12*$G$5 -> 0 | F43: =E43/$E$10 -> #DIV/0! | G43: =E43*(1+$C$6) -> 0
B44: PIL1 - Pilotage prestation UX/UI | C44: Bons de commande | D44: ='3.Tarifs'!F71 -> 0 | E44: ='3.Tarifs'!I71/12*$G$5 -> 0 | F44: =E44/$E$10 -> #DIV/0! | G44: =E44*(1+$C$6) -> 0
B45: ='3.Tarifs'!B74 -> 2.4 : Réversibilité : prestation ponctuelle (RUN) : Bons de commande d'accompagnement de réversibilité | D45: =SUM(D46) -> 0 | E45: =SUM(E46) -> 0 | F45: =E45/$E$10 -> #DIV/0! | G45: =E45*(1+$C$6) -> 0
B46: ='3.Tarifs'!B75 -> REV1 - Réversibilité (PRESTATION UNIQUE) | C46: Bons de commande | D46: ='3.Tarifs'!F75 -> 0 | E46: ='3.Tarifs'!I75 -> 0 | G46: =E46*(1+$C$6) -> 0
B47: ='3.Tarifs'!B77 -> 2.5 Déplacements : Bons de commande d'accompagnement | E47: =SUM(E48) -> 0 | F47: =E47/$E$10 -> #DIV/0! | G47: =E47*(1+$C$6) -> 0
B48: ='3.Tarifs'!B78 -> DEP1 - ADEME Angers (1 déplacement A/R pour 1 personne) | C48: Bons de commande | D48: ='3.Tarifs'!F78 -> 0 | E48: ='3.Tarifs'!I78 -> 0 | G48: =E48*(1+$C$6) -> 0
B49: ='3.Tarifs'!B80 -> PRESTATION 3 : SERVICE de GESTION OPERATIONNELLE DE L'ACTIVITE DE FORMATION | E49: =E50 -> 0 | F49: =E49/$E$10 -> #DIV/0! | G49: =E49*(1+$C$6) -> 0
B50: ='3.Tarifs'!B81 -> 3.1 Accompagnement à la gestion de l'activité (RUN) : Bons de commande de gestion opérationnelle | E50: =SUM(E51:E56) -> 0 | G50: =E50*(1+$C$6) -> 0
B51: ='3.Tarifs'!B82 -> GES1 - Pilotage transversal des prestations (notamment sur les outils numériques déployés) et coordination des experts | C51: Bons de commande | D51: ='3.Tarifs'!F82 -> 0 | E51: ='3.Tarifs'!I82/12*$G$5 -> 0 | F51: =E51/$E$10 -> #DIV/0! | G51: =E51*(1+$C$6) -> 0
B52: ='3.Tarifs'!B83 -> GES2 -Administration opérationnelle des formations présentielles, digital learning et hybride (création modules, programmation sessions, gestion des inscriptions, traitement des évaluations, préparation des sessions et solde des sessions,cadrage des intégrateurs, états statistiques au fil de l'eau, réunion de suivi hebdomadaire ...). Y compris les échanges avec les différents acteurs et le service de facturation (apprenants, formateurs, salles&restauration) | C52: Bons de commande | D52: ='3.Tarifs'!F83 -> 0 | E52: ='3.Tarifs'!I83/12*$G$5 -> 0 | F52: =E52/$E$10 -> #DIV/0! | G52: =E52*(1+$C$6) -> 0
B53: ='3.Tarifs'!B84 -> GES3 - Service de support aux utilisateurs externes ou internes dont service de call center (1 unité d'œuvre = forfait mensuel) | C53: Bons de commande | D53: ='3.Tarifs'!F84 -> 0 | E53: ='3.Tarifs'!I84/12*$G$5 -> 0 | F53: =E53/$E$10 -> #DIV/0! | G53: =E53*(1+$C$6) -> 0
B54: ='3.Tarifs'!B85 -> GES4 - Exercice de programmation annuelle pour l'année N+1 | C54: Bons de commande | D54: ='3.Tarifs'!F85 -> 0 | E54: ='3.Tarifs'!I85/12*$G$5 -> 0 | F54: =E54/$E$10 -> #DIV/0! | G54: =E54*(1+$C$6) -> 0
B55: ='3.Tarifs'!B86 -> GES5 - Conception d'évaluations | C55: Bons de commande | D55: ='3.Tarifs'!F86 -> 0 | E55: ='3.Tarifs'!I86/12*$G$5 -> 0 | F55: =E55/$E$10 -> #DIV/0! | G55: =E55*(1+$C$6) -> 0
B56: ='3.Tarifs'!B87 -> GES6 - Réalisation du bilan annuel ou de bilans semestriels | C56: Bons de commande | D56: ='3.Tarifs'!F87 -> 0 | E56: ='3.Tarifs'!I87/12*$G$5 -> 0 | F56: =E56/$E$10 -> #DIV/0! | G56: =E56*(1+$C$6) -> 0
B57: ='3.Tarifs'!B90 -> PRESTATION 4 : GESTION de la LOCATION DES SALLES DE FORMATION ET PRESTATIONS ASSOCIEES | E57: =E58+E62+E66+E70 -> 0 | F57: =E57/$E$10 -> #DIV/0! | G57: =E57*(1+$C$6) -> 0
B58: ='3.Tarifs'!B91 -> 4.1 Agglomération de + de 300 000 habitants, wifi inclus : Bons de commande de gestion | E58: =SUM(E59:E61) -> 0 | F58: =E58/$E$10 -> #DIV/0! | G58: =E58*(1+$C$6) -> 0
B59: ='3.Tarifs'!B92 -> Lieu d'accueil 3* | C59: Bons de commande | D59: Voir détail onglet "3.Tarifs" | E59: ='3.Tarifs'!I92 -> 0 | F59: =E59/$E$10 -> #DIV/0! | G59: =E59*(1+$C$6) -> 0
B60: ='3.Tarifs'!B99 -> Lieu d'accueil 2* STANDARD | C60: Bons de commande | D60: Voir détail onglet "3.Tarifs" | E60: ='3.Tarifs'!I99 -> 0 | F60: =E60/$E$10 -> #DIV/0! | G60: =E60*(1+$C$6) -> 0
B61: ='3.Tarifs'!B106 -> Lieu d'accueil "centre d'accueil" | C61: Bons de commande | D61: Voir détail onglet "3.Tarifs" | E61: ='3.Tarifs'!I106 -> 0 | F61: =E61/$E$10 -> #DIV/0! | G61: =E61*(1+$C$6) -> 0
B62: ='3.Tarifs'!B113 -> 4.2 Agglomération de - de 300 000 habitants, wifi inclus : Bons de commande de gestion | E62: =SUM(E63:E65) -> 0 | F62: =E62/$E$10 -> #DIV/0! | G62: =E62*(1+$C$6) -> 0
B63: ='3.Tarifs'!B114 -> Lieu d'accueil 3* | C63: Bons de commande | D63: Voir détail onglet "3.Tarifs" | E63: ='3.Tarifs'!I114 -> 0 | F63: =E63/$E$10 -> #DIV/0! | G63: =E63*(1+$C$6) -> 0
B64: ='3.Tarifs'!B121 -> Lieu d'accueil 2* | C64: Bons de commande | D64: Voir détail onglet "3.Tarifs" | E64: ='3.Tarifs'!I121 -> 0 | F64: =E64/$E$10 -> #DIV/0! | G64: =E64*(1+$C$6) -> 0
B65: ='3.Tarifs'!B128 -> Lieu d'accueil "centre d'accueil" | C65: Bons de commande | D65: Voir détail onglet "3.Tarifs" | E65: ='3.Tarifs'!I128 -> 0 | F65: =E65/$E$10 -> #DIV/0! | G65: =E65*(1+$C$6) -> 0
B66: ='3.Tarifs'!B135 -> 4.3 Outre-mer : Bons de commande de gestion | E66: =SUM(E67:E69) -> 0 | F66: =E66/$E$10 -> #DIV/0! | G66: =E66*(1+$C$6) -> 0
B67: ='3.Tarifs'!B136 -> Lieu d'accueil 3* | C67: Bons de commande | D67: Voir détail onglet "3.Tarifs" | E67: ='3.Tarifs'!I136 -> 0 | F67: =E67/$E$10 -> #DIV/0! | G67: =E67*(1+$C$6) -> 0
B68: ='3.Tarifs'!B143 -> Lieu d'accueil 2* | C68: Bons de commande | D68: Voir détail onglet "3.Tarifs" | E68: ='3.Tarifs'!I143 -> 0 | F68: =E68/$E$10 -> #DIV/0! | G68: =E68*(1+$C$6) -> 0
B69: ='3.Tarifs'!B150 -> Lieu d'accueil "centre d'accueil" | C69: Bons de commande | D69: Voir détail onglet "3.Tarifs" | E69: ='3.Tarifs'!I150 -> 0 | F69: =E69/$E$10 -> #DIV/0! | G69: =E69*(1+$C$6) -> 0
B70: ='3.Tarifs'!B162 -> Frais de commission | E70: =SUM(E71:E73) -> 0 | F70: =E70/$E$10 -> #DIV/0! | G70: =E70*(1+$C$6) -> 0
B71: ='3.Tarifs'!B163 -> Frais de commission pour la location des salles | C71: Bons de commande | D71: Voir détail onglet "3.Tarifs" | E71: ='3.Tarifs'!I163 -> 0 | F71: =E71/$E$10 -> #DIV/0! | G71: =E71*(1+$C$6) -> 0

Sheet 3.Tarifs
B1: Cadre de décomposition des prix
B2: Consultation "Système intégré de gestion de la formation externe ADEME"
B4: NOM DU CANDIDAT | D4: Compléter les cellules en jaune
B6: PRESTATION 1 : DROIT D'UTILISATION DE(S) OUTIL(S) DE FORMATIONS MULTIMODALES (licences/abonnement et services récurrents forfaitaires)
B7: UTI1.1 - Licences éditeur/abonnement/hébergement Site Ademe Académie : Bons de commande forfaitaire à montant annuel | C7: Observations | D7: Quantité de référence par année | E7: Prix HT annuel | F7: Prix HT annuel associé à la quantité de référence
B8: … | D8: 1 | F8: =D8*E8 -> 0
B9: TOTAL : | F9: =SUM(F8:F8) -> 0
B10: UTI1.2 - Licences éditeur/abonnement/hébergement Site Ademe Act Formation : Bons de commande forfaitaire à montant annuel | C10: Observations | D10: Quantité de référence par année | E10: Prix HT annuel | F10: Prix HT annuel associé à la quantité de référence
B11: … | D11: 1 | F11: =D11*E11 -> 0
B12: TOTAL : | F12: =SUM(F11:F11) -> 0
B13: UTI1.3 - Licences éditeur/abonnement/hébergement Solution de gestion des formations : Bons de commande forfaitaire à montant annuel | C13: Observations | D13: Quantité de référence par année | E13: Prix HT annuel | F13: Prix HT annuel associé à la quantité de référence
B14: … | D14: 1 | F14: =D14*E14 -> 0
B15: TOTAL : | F15: =SUM(F14:F14) -> 0
B16: UTI1.4- Licences éditeur/abonnement/hébergement Plateforme LMS/MOOC : Bons de commande forfaitaire à montant annuel Tarification par palier d’utilisateurs actifs (licences) - Préciser les tranches de volume | C16: Observations | D16: Quantité de référence par année | E16: Prix HT annuel | F16: Prix HT annuel associé à la quantité de référence
B17: … | D17: 1 | F17: =D17*E17 -> 0
B18: … | D18: 1 | F18: =D18*E18 -> 0
B19: … | D19: 1 | F19: =D19*E19 -> 0
B20: … | D20: 1 | F20: =D20*E20 -> 0
D21: 1 | F21: =D21*E21 -> 0
B22: TOTAL : | F22: =F17 -> 0
B23: UTI2.1 - Maintenance logicielle et assistance Site Ademe Académie : Bons de commande forfaitaire à montant annuel | C23: Observations | D23: Quantité de référence par année | E23: Prix HT annuel | F23: Prix HT annuel associé à la quantité de référence
B24: … | D24: 1 | F24: =D24*E24 -> 0
B25: TOTAL : | F25: =SUM(F24:F24) -> 0
B26: UTI2.2 - Maintenance logicielle et assistance Site Ademe Act Formation : Bons de commande forfaitaire à montant annuel | C26: Observations | D26: Quantité de référence par année | E26: Prix HT annuel | F26: Prix HT annuel associé à la quantité de référence
B27: … | D27: 1 | F27: =D27*E27 -> 0
B28: TOTAL : | F28: =SUM(F27:F27) -> 0
B29: UTI2.3 - Maintenance logicielle et assistance Solution de gestion des formations : Bons de commande forfaitaire à montant annuel | C29: Observations | D29: Quantité de référence par année | E29: Prix HT annuel | F29: Prix HT annuel associé à la quantité de référence
B30: … | D30: 1 | F30: =D30*E30 -> 0
B31: TOTAL : | F31: =SUM(F30:F30) -> 0
B32: UTI2.4 - Maintenance logicielle et assistance Plateforme LMS/MOOC : Bons de commande forfaitaire à montant annuel | C32: Observations | D32: Quantité de référence par année | E32: Prix HT annuel | F32: Prix HT annuel associé à la quantité de référence
B33: … | D33: 1 | F33: =D33*E33 -> 0
B34: TOTAL : | F34: =SUM(F33:F33) -> 0
B35: TOTAL : | F35: =F9+F12+F15+F22+F25+F28+F31+F34 -> 0
B37: PRESTATION 2 : MISE EN ŒUVRE DE LA SOLUTION et ACCOMPAGNEMENT À SON UTILISATION
B38: 2.1 : Accompagnement technique ou humain en phase de projet : assistance à la configuration et au déploiement de la solution (BUILD) : Bon de commande d'accompagnement technique ou humain, incluant le droit d'utilisation et la maintenance/assistance de l'outil en phase de projet et démarrage (12 mois) | C38: Observations | D38: Charge en j.h | E38: Prix HT / j.h | F38: Décomposition du prix HT forfaitaire (pour info) | G38: Prix HT forfaitaire
B39: INI1 - Initialisation et étude préalable (prise de connaissance, audit, analyse de l'existant et préconisation sur la cible) | C39: … | F39: =D39*E39 -> 0 | G39: =F55 -> 0
B40: ASS1 - Assistance MOA et MOE - Pilotage de projet | C40: … | F40: =D40*E40 -> 0
B41: ASS2 - Assistance MOA et MOE - Conception | C41: … | F41: =D41*E41 -> 0
B42: ASS3 - Assistance MOA et MOE - Réalisation/intégration (paramétrage de ou des outils) | C42: … | F42: =D42*E42 -> 0
B43: ASS4 - Assistance MOA et MOE - Recette | C43: … | F43: =D43*E43 -> 0
B44: ASS5 - Assistance MOA et MOE - Déploiement | C44: … | F44: =D44*E44 -> 0
B45: RDD1 - Reprise des données | C45: … | F45: =D45*E45 -> 0
B46: CON2 - Conception de wireframe (UX) | C46: … | F46: =D46*E46 -> 0
B47: CON3 - Conception de maquettes (UI) | C47: … | F47: =D47*E47 -> 0
B48: ACC1 - Accompagnement au déploiement - Stratégie de gestion de la transition Elaboration et mise en oeuvre d'un plan de transition garantissant la continuité de service. | C48: … | F48: =D48*E48 -> 0
B49: ACC2 - Accompagnement au déploiement - Plan d'accompagnement Accompagnement opérationnel des utilisateurs et pilotage de la phase de transition. | C49: … | F49: =D49*E49 -> 0
B50: ACC3 - Accompagnement au déploiement - Communication Mise en œuvre d’un plan de communication utilisateurs durant la phase de transition. | C50: … | F50: =D50*E50 -> 0
B51: ACC4 - Accompagnement au déploiement - Formation des utilisateurs et documentation Formation des utilisateurs et fourniture de la documentation associée. | C51: … | F51: =D51*E51 -> 0
B52: ACC5 - Accompagnement au déploiement - Assistance au démarrage Mise en place d’une assistance renforcée lors du démarrage en production. | C52: … | F52: =D52*E52 -> 0
B53: UTI3 - Licences éditeur/abonnement (Site Ademe Académie, Site Ademe ACT Formation, Solution de gestion des formations, Plateforme LMS/MOOC) + maintenance logicielle/assistance a minima sur les 12 premiers mois du marché : phase projet (Build) + démarrage | C53: … | D53: Sans objet | F53: =E53 -> 0
B54: PIL1 - Assistance transversale au pilotage du projet et à la coordination des parties prenantes | C54: … | F54: =D54*E54 -> 0
B55: TOTAL : | D55: =SUM(D39:D54)&" jours" -> 0 jours | F55: =SUM(F39:F54) -> 0
B57: 2.2 : Accompagnement ponctuel à la mise en place d'interfaces personnalisées (BUILD ou RUN) : Bons de commande d'accompagnement | C57: Observations | D57: Charge en j.h | E57: Prix HT / j.h | F57: Prix HT unitaire de l'unité d'œuvre | G57: Scénario de référence : nb estimatif d'interfaces / marché | I57: Prix HT associé au scénario de référence
B58: INT1 - Analyse, réalisation, test et pilotage pour une interface / simple | F58: =D58*E58 -> 0 | G58: 3 | I58: =F58*G58 -> 0
B59: INT2 - Analyse, réalisation, test et pilotage pour une interface / intermédiaire | F59: =D59*E59 -> 0 | G59: 3 | I59: =F59*G59 -> 0
B60: INT3 - Analyse, réalisation, test et pilotage pour une interface / complexe | F60: =D60*E60 -> 0 | G60: 3 | I60: =F60*G60 -> 0
B61: TOTAL du scénario de référence (quantité estimative non contractuelle) : | I61: =SUM(I45:I60) -> 0
B63: 2.3 Accompagnement à l'utilisation de la solution en mode récurrent (RUN) : Bons de commande d'accompagnement | C63: Observations | D63: Charge en j.h | E63: Prix HT / j.h | F63: Prix HT unitaire de l'unité d'œuvre | G63: Scénario de référence : nb estimatif d'unité d'oeuvre / an | I63: Prix HT associé au scénario de référence
B64: CON1 - Conseil & assistance métier (formations utilisateurs & nouvelles fonctionnalités) | F64: =D64*E64 -> 0 | G64: 3 | I64: =F64*G64 -> 0
B65: TMA1 - Tierce maintenance applicative (maintenance évolutive / simple) | F65: =D65*E65 -> 0 | G65: 3 | I65: =F65*G65 -> 0
B66: TMA2 - Tierce maintenance applicative (maintenance évolutive / intermédiaire) | F66: =D66*E66 -> 0 | G66: 3 | I66: =F66*G66 -> 0
B67: TMA3 - Tierce maintenance applicative (maintenance évolutive / complexe) | F67: =D67*E67 -> 0 | G67: 3 | I67: =F67*G67 -> 0
B68: CHA1 - Actualisation charte graphique (couleur, police, disposition…) | F68: =D68*E68 -> 0 | G68: 1 | I68: =F68*G68 -> 0
B69: CON4 - Conception de wireframe (UX) | F69: =D69*E69 -> 0 | G69: 1 | I69: =F69*G69 -> 0
B70: CON5 - Conception de maquettes (UI) | F70: =D70*E70 -> 0 | G70: 1 | I70: =F70*G70 -> 0
B71: PIL1 - Pilotage prestation UX/UI | F71: =D71*E71 -> 0 | G71: 2 | I71: =F71*G71 -> 0
B72: TOTAL : | I72: =SUM(I64:I71) -> 0
B74: 2.4 : Réversibilité : prestation ponctuelle (RUN) : Bons de commande d'accompagnement de réversibilité | C74: Observations | D74: Charge en j.h | E74: Prix HT unitaire | F74: Prix HT unitaire de l'unité d'œuvre | G74: Scénario de référence : nb estimatif d'unité d'oeuvre / marché | I74: Prix HT associé au scénario de référence
B75: REV1 - Réversibilité (PRESTATION UNIQUE) | D75: Sans objet | F75: =E75 -> 0 | G75: 1 | I75: =F75*G75 -> 0
B77: 2.5 Déplacements : Bons de commande d'accompagnement | C77: Observations | D77: Charge en j.h | E77: Prix HT unitaire | F77: Prix HT unitaire de l'unité d'œuvre | G77: Scénario de référence : nb estimatif d'unité d'oeuvre / marché | I77: Prix HT associé au scénario de référence
B78: DEP1 - ADEME Angers (1 déplacement A/R pour 1 personne) | D78: Sans objet | E78: Sans objet | G78: 2 | I78: =F78*G78 -> 0
B80: PRESTATION 3 : SERVICE de GESTION OPERATIONNELLE DE L'ACTIVITE DE FORMATION
B81: 3.1 Accompagnement à la gestion de l'activité (RUN) : Bons de commande de gestion opérationnelle | C81: Observations | D81: Charge en j.h | E81: Prix HT / j.h | F81: Prix HT unitaire de l'unité d'œuvre | G81: Scénario de référence : nb estimatif d'unité d'oeuvre / an | I81: Prix HT associé au scénario de référence
B82: GES1 - Pilotage transversal des prestations (notamment sur les outils numériques déployés) et coordination des experts | D82: 1 | F82: =D82*E82 -> 0 | G82: =10*12 -> 120 | I82: =F82*G82 -> 0
B83: GES2 -Administration opérationnelle des formations présentielles, digital learning et hybride (création modules, programmation sessions, gestion des inscriptions, traitement des évaluations, préparation des sessions et solde des sessions,cadrage des intégrateurs, états statistiques au fil de l'eau, réunion de suivi hebdomadaire ...). Y compris les échanges avec les différents acteurs et le service de facturation (apprenants, formateurs, salles&restauration) | D83: 1 | F83: =D83*E83 -> 0 | G83: =30*12 -> 360 | I83: =F83*G83 -> 0
B84: GES3 - Service de support aux utilisateurs externes ou internes dont service de call center (1 unité d'œuvre = forfait mensuel) | D84: Sans objet | E84: Sans objet | G84: 12 | I84: =F84*G84 -> 0
B85: GES4 - Exercice de programmation annuelle pour l'année N+1 | D85: 1 | F85: =D85*E85 -> 0 | G85: 10 | I85: =F85*G85 -> 0
B86: GES5 - Conception d'évaluations | D86: 1 | F86: =D86*E86 -> 0 | G86: =5 -> 5 | I86: =F86*G86 -> 0
B87: GES6 - Réalisation du bilan annuel ou de bilans semestriels | D87: 1 | F87: =D87*E87 -> 0 | G87: 8 | I87: =F87*G87 -> 0
B88: TOTAL : | I88: =SUM(I82:I87) -> 0
B90: PRESTATION 4 : GESTION de la LOCATION DES SALLES DE FORMATION ET PRESTATIONS ASSOCIEES
B91: 4.1 Agglomération de + de 300 000 habitants, wifi inclus : Bons de commande de gestion | C91: Observations | D91: Quantité | E91: Prix HT unitaire | F91: Prix HT unitaire de l'unité d'œuvre | G91: Scénario de référence : nb estimatif d'unité d'oeuvre / marché | I91: Prix HT associé au scénario de référence
B92: Lieu d'accueil 3* | I92: =SUM(I93:I98) -> 0
B93: Journée de formation par stagiaire | C93: déjeuner et pauses comprises - 10 à 20 personnes | D93: 1 | F93: =D93*E93 -> 0 | G93: 2500 | I93: =F93*G93 -> 0
B94: 1/2 journée de formation par stagiaire | C94: sans déjeuner mais pauses comprises - 10 à 20 personnes | D94: 1 | F94: =D94*E94 -> 0 | G94: 50 | I94: =F94*G94 -> 0
B95: Salle de sous commission à la journée | C95: 10 personnes max sans déjeuner ni pause | D95: 1 | F95: =D95*E95 -> 0 | G95: 40 | I95: =F95*G95 -> 0
B96: Salle de sous commission à la 1/2 journée | C96: 10 personnes max sans déjeuner ni pause | D96: 1 | F96: =D96*E96 -> 0 | G96: 40 | I96: =F96*G96 -> 0
B97: Grande salle de 20 à 50 personnes à la journée | C97: déjeuner et pauses comprises | D97: 1 | F97: =D97*E97 -> 0 | G97: 20 | I97: =F97*G97 -> 0
B98: Grande salle de 20 à 50 personne à la demi-journée | C98: sans déjeuner | D98: 1 | F98: =D98*E98 -> 0 | G98: 20 | I98: =F98*G98 -> 0
B99: Lieu d'accueil 2* STANDARD | I99: =SUM(I100:I105) -> 0
B100: Journée de formation par stagiaire | C100: déjeuner et pauses comprises - 10 à 20 personnes | D100: 1 | F100: =D100*E100 -> 0 | G100: 6300 | I100: =F100*G100 -> 0
B101: 1/2 journée de formation par stagiaire | C101: sans déjeuner mais pauses comprises - 10 à 20 personnes | D101: 1 | F101: =D101*E101 -> 0 | G101: 150 | I101: =F101*G101 -> 0
B102: Salle de sous commission à la journée | C102: 10 personnes max sans déjeuner ni pause | D102: 1 | F102: =D102*E102 -> 0 | G102: 60 | I102: =F102*G102 -> 0
B103: Salle de sous commission à la 1/2 journée | C103: 10 personnes max sans déjeuner ni pause | D103: 1 | F103: =D103*E103 -> 0 | G103: 60 | I103: =F103*G103 -> 0
B104: Grande salle de 20 à 50 personnes à la journée | C104: déjeuner et pauses comprises | D104: 1 | F104: =D104*E104 -> 0 | G104: 30 | I104: =F104*G104 -> 0
B105: Grande salle de 20 à 50 personne à la demi-journée | C105: sans déjeuner | D105: 1 | F105: =D105*E105 -> 0 | G105: 30 | I105: =F105*G105 -> 0
B106: Lieu d'accueil "centre d'accueil" | I106: =SUM(I107:I112) -> 0
B107: Journée de formation par stagiaire | C107: déjeuner et pauses comprises - 10 à 20 personnes | D107: 1 | F107: =D107*E107 -> 0 | G107: 1000 | I107: =F107*G107 -> 0
B108: 1/2 journée de formation par stagiaire | C108: sans déjeuner mais pauses comprises - 10 à 20 personnes | D108: 1 | F108: =D108*E108 -> 0 | G108: 150 | I108: =F108*G108 -> 0
B109: Salle de sous commission à la journée | C109: 10 personnes max sans déjeuner ni pause | D109: 1 | F109: =D109*E109 -> 0 | G109: 60 | I109: =F109*G109 -> 0
...

Sheet SYNTHESE PRESTATIONS
B2: "Système intégré de gestion de la formation externe ADEME"
B4: PRESTATION | C4: Observations | D4: Coût € HT | E4: %
B5: ='3.Tarifs'!B6 -> PRESTATION 1 : DROIT D'UTILISATION DE(S) OUTIL(S) DE FORMATIONS MULTIMODALES (licences/abonnement et services récurrents forfaitaires) | C5: Bons de commande, estimation sur 5 ans, à compter de la 2e année du marché | D5: ='1.Synthèse'!E11 -> 0 | E5: =D5/$D$14 -> #DIV/0!
B6: ='1.Synthèse'!B14 -> PRESTATION 2 : MISE EN ŒUVRE DE LA SOLUTION et ACCOMPAGNEMENT À SON UTILISATION | D6: ='1.Synthèse'!E14 -> 0 | E6: =D6/$D$14 -> #DIV/0!
B7: ='1.Synthèse'!B15 -> 2.1 : Accompagnement technique ou humain en phase de projet : assistance à la configuration et au déploiement de la solution (BUILD) : Bon de commande d'accompagnement technique ou humain, incluant le droit d'utilisation et la maintenance/assistance de l'outil en phase de projet et démarrage (12 mois) | C7: Bon de commande exécuté une seule fois, 1 an, à compter du lancement du marché | D7: ='1.Synthèse'!E15 -> 0 | E7: =D7/$D$14 -> #DIV/0!
B8: ='1.Synthèse'!B32 -> 2.2 : Accompagnement ponctuel à la mise en place d'interfaces personnalisées (BUILD ou RUN) : Bons de commande d'accompagnement | C8: Bons de commande, estimation sur 6 ans, pouvant être exécutés dès lancement du marché | D8: ='1.Synthèse'!E32 -> 0 | E8: =D8/$D$14 -> #DIV/0!
B9: ='1.Synthèse'!B36 -> 2.3 Accompagnement à l'utilisation de la solution en mode récurrent (RUN) : Bons de commande d'accompagnement | C9: Bons de commande, estimation sur 64 mois, à compter de l'ouverture du service | D9: ='1.Synthèse'!E36 -> 0 | E9: =D9/$D$14 -> #DIV/0!
B10: ='1.Synthèse'!B45 -> 2.4 : Réversibilité : prestation ponctuelle (RUN) : Bons de commande d'accompagnement de réversibilité | C10: Bon de commande exécuté une seule fois | D10: ='1.Synthèse'!E45 -> 0 | E10: =D10/$D$14 -> #DIV/0!
B11: ='1.Synthèse'!B47 -> 2.5 Déplacements : Bons de commande d'accompagnement | C11: Bons de commande, estimation sur 6 ans, pouvant être exécutés dès lancement du marché | D11: ='1.Synthèse'!E47 -> 0 | E11: =D11/$D$14 -> #DIV/0!
B12: ='1.Synthèse'!B49 -> PRESTATION 3 : SERVICE de GESTION OPERATIONNELLE DE L'ACTIVITE DE FORMATION | C12: Bons de commande, estimation sur 64 mois, à compter de l'ouverture du service | D12: ='1.Synthèse'!E49 -> 0 | E12: =D12/$D$14 -> #DIV/0!
B13: ='1.Synthèse'!B57 -> PRESTATION 4 : GESTION de la LOCATION DES SALLES DE FORMATION ET PRESTATIONS ASSOCIEES | C13: Bons de commande, estimation sur 64 mois, à compter de l'ouverture du service | D13: ='1.Synthèse'!E57 -> 0 | E13: =D13/$D$14 -> #DIV/0!
B14: Coût total € HT | D14: =D5+D6+D12+D13 -> 0 | E14: =D14/$D$14 -> #DIV/0!
B16: TVA à 20 % | D16: =D14*20% -> 0
B17: Coût total € TTC* | D17: =SUM(D14:D16) -> 0
B18: * ce montant servira à la comparaison des offres
